 Dungeon Crawl Stone Soup version bcrawl-1.23 (webtiles) character file.

Game seed: 2349266409968221616

84 Delver the Vexing (level 4, -2/33 HPs)
             Began as a Human Arcane Marksman on May 26, 2020.
             Was an Initiate of Nemelex Xobeh.
             Shot with an arrow by a centaur (11 damage)
             ... on level 3 of the Dungeon.
             The game lasted 00:58:10 (1677 turns).

Delver the Vexing (Human Arcane Marksman)           Turns: 1677, Time: 00:58:10

Health: -2/33      AC:  7    Str: 10    XL:     4   Next: 74%
Magic:  7/7        EV: 12    Int: 17    God:    Nemelex Xobeh [......]
Gold:   194        SH:  0    Dex: 13    Spells: 1/7 levels left

rFire    . . .     SeeInvis .   a - +1 shortbow
rCold    . . .     Gourm    .   (shield currently unavailable)
rNeg     . . .     Faith    .   d - +0 leather armour
rPois    .         Spirit   .   v - +1 helmet
rElec    .         Reflect  .   (no cloak)
rCorr    .         Harm     .   (no gloves)
MR       .....                  h - +1 pair of boots
Stlth    +.........             (no amulet)
HPRegen  0.11/turn              (no ring)
MPRegen  0.10/turn              (no ring)

@: no status effects
A: clever 1, wild magic 1
a: Draw Escape, Draw Destruction, Draw Summoning, Renounce Religion


You were on level 3 of the Dungeon.
You worshipped Nemelex Xobeh.
Nemelex Xobeh was noncommittal.
You were not hungry.

You visited 1 branch of the dungeon, and saw 3 of its levels.

You collected 194 gold pieces.

Inventory:

Hand Weapons
 a - a +1 shortbow (weapon)
 b - a +0 dagger
 k - a +0 short sword
 o - a +0 hunting sling
 q - a +0 dagger
 r - a +4 hand axe
 w - a +4 club
Missiles
 f - 549 arrows (quivered)
 l - 348 stones
 m - 160 poisoned needles
 p - 121 bolts
Armour
 c - a +0 robe
 d - a +0 leather armour (worn)
 g - a +0 helmet
 h - a +1 pair of boots (worn)
 i - a +0 ring mail
 j - a +0 chain mail
 s - a +0 ring mail
 t - a cursed +0 ring mail
 v - a +1 helmet (worn)
Scrolls
 x - a scroll of blinking
Potions
 n - a potion of agility
 u - a potion of lignification {unknown}
Comestibles
 e - 3 rations {!d}


   Skills:
 + Level 1.7 Fighting
 + Level 1.4 Axes
 + Level 3.3 Bows
 + Level 0.1 Throwing
 + Level 0.6 Armour
 + Level 2.4 Dodging
 + Level 0.1 Stealth
 + Level 2.0 Spellcasting
 + Level 3.9 Hexes


You had one spell level left.
You knew the following spells:

 Your Spells              Type           Power        Failure   Level  Hunger
a - Corona                Hex            ###....      9%          1    #......
b - Shackle               Hex            ###.....     12%         2    ###....
c - Inner Flame           Hex/Fire       N/A          43%         3    ###....

Your spell library contained the following spells:

 Spells                   Type           Power        Failure   Level  Hunger
 False Image              Hex/Summ       ##......     43%         3    ###....
 Cause Fear               Hex            ###.......   54%         4    #####..
 Yara's Violent Unravell  Hex/Tmut       ##........   82%         4    #####..


Dungeon Overview and Level Annotations

Branches:
Dungeon (3/12)

Altars:
Gozag
Makhleb
Nemelex Xobeh
Ru


Innate Abilities, Weirdness & Mutations

Your mind is acute. (Int +2)
Your spells are a little harder to cast, but a little more powerful.


Message History

Firing (i - inventory. (/) - cycle)
f - 552 arrows (quivered)
Press: ? - help, Shift-Dir - straight line, f/p - centaur
Aim: a centaur, wielding a +0 shortbow and quivering 138 arrows (moderately wounded)
You shoot an arrow. The arrow barely misses the centaur.
Firing (i - inventory. (/) - cycle)
f - 551 arrows (quivered)
Press: ? - help, Shift-Dir - straight line, f/p - centaur
Aim: a centaur, wielding a +0 shortbow and quivering 138 arrows (moderately wounded)
You shoot an arrow.
The arrow hits the centaur but does no damage.
The centaur is moderately wounded.
The centaur shoots an arrow.
The arrow hits you!
Firing (i - inventory. (/) - cycle)
f - 550 arrows (quivered)
Press: ? - help, Shift-Dir - straight line, f/p - centaur
Aim: a centaur, wielding a +0 shortbow and quivering 137 arrows (moderately wounded)
You shoot an arrow. The arrow barely misses the centaur.
The centaur shoots an arrow.
The arrow hits you!
* * * LOW HITPOINT WARNING * * *
The centaur shoots an arrow.
The arrow hits you!
You die...
Your body disappears without a glow.

### #.# #.# #.#
########.####
.......@....#####
####>...........# #...#
....c###.#..#...###...#
.... #.#...._.......#
... #.#............# ..
..#............# .
###....⌠.......#
#............##
###.......)......


You could see a centaur.

Vanquished Creatures
  Robin (D:2)
  An ooze (D:2)
  3 worms (D:2)
  2 dart slugs
  5 leopard geckos
  8 bats
  2 giant cockroaches
  9 goblins
  4 hobgoblins
  3 jackals (D:2)
  A quokka (D:3)
  2 frilled lizards
  6 kobolds
  A quokka zombie (D:3)
  A rat (D:2)
49 creatures vanquished.

Notes
Turn   | Place    | Note
-------+----------+-------------------------------------------
     0 | D:1      | Delver the Human Arcane Marksman began the quest for the
                  | Orb.
     0 | D:1      | Reached XP level 1. HP: 15/15 MP: 3/3
   347 | D:1      | Reached XP level 2. HP: 10/21 MP: 5/5
   606 | D:1      | Learned a level 2 spell: Shackle
   637 | D:1      | Reached XP level 3. HP: 26/26 MP: 3/6
   659 | D:1      | Gained mutation: Your spells are a little harder to cast,
                  | but a little more powerful. [potion of mutation]
   659 | D:1      | Gained mutation: Your mind is acute. (Int +2) [potion of
                  | mutation]
   904 | D:2      | Reached skill level 1 in Axes
   905 | D:2      | Found a sacrificial altar of Ru.
   946 | D:2      | Found a sparkling altar of Nemelex Xobeh.
   952 | D:2      | Became a worshipper of Nemelex Xobeh the Trickster
  1206 | D:2      | Reached XP level 4. HP: 32/32 MP: 7/7
  1211 | D:2      | Learned a level 3 spell: Inner Flame
  1224 | D:2      | Received a gift from Nemelex Xobeh
  1315 | D:2      | Noticed Robin
  1329 | D:2      | Killed Robin
  1637 | D:3      | Found a burning altar of Makhleb.
  1637 | D:3      | Found an opulent altar of Gozag.
  1672 | D:3      | Noticed a centaur
  1677 | D:3      | Shot with an arrow by a centaur

Skill      XL: |  1  2  3  4 |
---------------+-------------+-----
Axes           | 1 |  1.4
Bows           | 3 |  3.3
Fighting       | |  1.7
Throwing       | |  0.1
Armour         | |  0.6
Dodging        | |  2.4
Stealth        | |  0.1
Spellcasting   | |  2.0
Hexes          | |  3.9

Action                   |  1- 3 |  4- 6 || total
-------------------------+-------+-------++-------
Melee: Short sword       |    17 |       ||    17
       Hand axe          |    39 |    28 ||    67
 Fire: Shortbow          |    48 |    18 ||    66
Throw: Stone             |       |     6 ||     6
 Cast: Shackle           |     1 |     2 ||     3
  Use: Potion            |     5 |       ||     5
       Scroll            |     7 |     1 ||     8
  Eat: Ration            |       |     1 ||     1
Armor: Chain mail        |    21 |       ||    21
       Leather armour    |    20 |    15 ||    35
Dodge: Dodged            |    40 |    16 ||    56
